 Dungeon Crawl Stone Soup version 0.20.0-15-g7f486f2 (webtiles) character file.

254 sagitran the Bolt Thrower (level 6, -7/36 HPs)
             Began as a Kobold Hunter on June 9, 2017.
             Was a Follower of Fedhas.
             Mangled by an ogre
             ... wielding a +0 giant spiked club
              (21 damage)
             ... on level 5 of the Dungeon.
             The game lasted 00:55:07 (3235 turns).

sagitran the Bolt Thrower (Kobold Hunter)           Turns: 3235, Time: 00:55:08

Health: -7/36      AC:  7    Str: 12    XL:     6   Next: 37%
Magic:  6/6        EV: 16    Int: 13    God:    Fedhas [*.....]
Gold:   202        SH:  0    Dex: 17    Spells: 5/5 levels left

rFire    + . .     SeeInvis .   k - +3 whip "Tokhuunk" {slash, rF++ rC-}
rCold    . . .     Gourm    .   (shield restricted)
rNeg     . . .     Faith    .   g - +3 leather armour {MR+}
rPois    .         Spirit   .   t - +1 hat
rElec    .         Reflect  .   (no cloak)
rCorr    .         Harm     .   (no gloves)
MR       +....                  (no boots)
Stlth    +.........             q - amulet of inaccuracy (curse)
Regen    0.2/turn               e - ring of ice
MPRegen  0.1/turn               i - +3 ring of strength

@: very slow
A: carnivore 3
a: Fungal Bloom, Evolution, Renounce Religion


You were on level 5 of the Dungeon.
You worshipped Fedhas.
Fedhas was aware of your devotion.
You were not hungry.

You visited 1 branch of the dungeon, and saw 5 of its levels.

You collected 202 gold pieces.

Inventory:

Hand Weapons
 a - a +2 hand crossbow
 k - the +3 whip "Tokhuunk" (weapon) {slash, rF++ rC-}
   (You found it on level 4 of the Dungeon)

   It inflicts extra damage upon your enemies.
   It greatly protects you from fire.
   It makes you vulnerable to cold.
Missiles
 d - 75 bolts
 s - 3 tomahawks (quivered)
Armour
 g - a +3 leather armour of magic resistance (worn)
 t - a +1 hat (worn)
Jewellery
 e - a ring of ice (left hand)
 i - a +3 ring of strength (right hand)
 q - a cursed amulet of inaccuracy (around neck)
Wands
 b - a wand of disintegration (8/24)
Scrolls
 j - a scroll of enchant armour
 u - a scroll of teleportation
Potions
 c - a potion of heal wounds
 l - 2 potions of lignification
 o - a potion of flight
 p - 3 potions of brilliance
Comestibles
 f - 2 meat rations
 r - a bread ration
 w - a royal jelly


   Skills:
 + Level 2.9 Fighting
   Level 3.1 Short Blades
 + Level 1.2 Maces & Flails
 + Level 5.8 Crossbows
 + Level 1.8 Armour
 + Level 3.6 Dodging
 + Level 2.7 Stealth


You had 5 spell levels left.
You didn't know any spells.

Dungeon Overview and Level Annotations

Branches:
Dungeon (5/15)
 Temple: D:4-7

Altars:
Fedhas
Makhleb
Okawaru


Innate Abilities, Weirdness & Mutations

You are small and have problems with some larger weapons.
You are carnivorous and can eat meat at any time.


Message History

The crimson imp is moderately wounded.
The crimson imp blinks!
Your unstable footing causes you to fumble your attack.
The crimson imp completely misses you.
Your unstable footing causes you to fumble your attack.
The ogre closely misses you.
The crimson imp hits you but does no damage.
The crimson imp blinks!
The ogre completely misses you.
Your unstable footing causes you to fumble your attack.
The ogre hits you with a giant spiked club!
The crimson imp barely misses you.
You hit the crimson imp.
The crimson imp is moderately wounded.
The crimson imp hits you but does no damage.
The ogre closely misses you.
You walk carefully through the plants.
The crimson imp closely misses you.
The ogre hits you with a giant spiked club!!
Ouch! That really hurt!
You die...
Fedhas appreciates your contribution to the ecosystem.

##.........# ..#
##..........#...#
#....######.##..#
#f####### #'##..#
#.####P≈ ♣♣≈♣≈≈.#
#.≈♣≈≈♣♣≈♣≈♣P≈♣≈♣♣
###≈♣≈≈♣≈P≈≈P≈f≈≈≈≈≈
#≈≈≈5≈P≈≈≈≈≈≈≈≈≈≈≈♣≈
#♣♣≈@≈P≈P≈≈≈≈≈≈≈≈≈P≈≈
♣P≈≈♣O≈≈≈≈≈≈≈≈≈≈≈≈≈≈P
♣≈≈≈≈P≈≈≈≈≈≈≈≈≈≈≈≈≈≈≈
♣≈♣P≈≈≈≈≈≈≈≈≈≈≈≈≈≈≈≈≈
♣≈P≈P≈≈≈≈≈≈≈≈≈≈≈≈≈≈≈≈≈
#≈≈P≈≈≈≈≈≈≈≈≈≈≈≈≈≈≈≈≈P
#.♣♣≈≈≈PP≈≈≈≈≈≈≈≈≈P≈≈≈
#. #≈≈≈≈♣≈≈≈≈≈≈≈P≈≈≈≈≈
# ##♣♣≈≈≈♣≈♣≈≈≈≈≈≈P♣♣


You could see an ogre, a crimson imp and a friendly wandering mushroom.

Vanquished Creatures
  A hound (D:4)
  A bullfrog skeleton (D:5)
  An iguana (D:4)
  4 adders (D:3)
  4 oozes
  A worm (D:2)
  A leopard gecko (D:2)
  5 giant cockroaches
  4 hobgoblins
  6 jackals
  4 quokkas
  6 bats
  3 frilled lizards
  9 goblins
  5 kobolds
  8 rats
63 creatures vanquished.

Vanquished Creatures (collateral kills)
  A hound (D:4)
  An iguana (D:4)
  Ijyb (D:4)
  An orc (D:3)
  A goblin (D:3)
5 creatures vanquished.

Vanquished Creatures (others)
  30 toadstools
30 creatures vanquished.

Grand Total: 98 creatures vanquished

Notes
Turn   | Place    | Note
-------+----------+-------------------------------------------
     0 | D:1      | sagitran the Kobold Hunter began the quest for the Orb.
     0 | D:1      | Reached XP level 1. HP: 12/12 MP: 1/1
     2 | D:1      | Found a burning altar of Makhleb.
    26 | D:1      | Reached skill level 5 in Crossbows
    26 | D:1      | Reached XP level 2. HP: 5/17 MP: 2/2
   312 | D:1      | Reached skill level 1 in Short Blades
   322 | D:1      | Reached XP level 3. HP: 1/22 MP: 3/3
   960 | D:2      | Found a blossoming altar of Fedhas.
   981 | D:2      | Became a worshipper of Fedhas Madash
   991 | D:2      | Found a faded altar of an unknown god.
  1185 | D:2      | Reached XP level 4. HP: 27/27 MP: 4/4
  1383 | D:2      | You fall through a shaft for 2 floors!
  1558 | D:4      | Reached skill level 1 in Armour
  1558 | D:4      | Reached XP level 5. HP: 13/31 MP: 5/5
  1594 | D:4      | Got a brightly glowing whip
  1595 | D:4      | Identified the +3 whip "Tokhuunk" {slash, rF++ rC-} (You found it on level 4 of the Dungeon)
  2083 | D:3      | Reached * piety under Fedhas
  2185 | D:3      | Found an iron altar of Okawaru.
  2990 | D:4      | Reached XP level 6. HP: 7/36 MP: 6/6
  2991 | D:4      | Reached skill level 1 in Maces & Flails
  3026 | D:4      | Noticed Ijyb
  3040 | D:4      | Killed Ijyb
  3114 | D:5      | Entered Level 5 of the Dungeon
  3225 | D:5      | Noticed an ogre
  3235 | D:5      | Mangled by an ogre

Skill      XL: |  1  2  3  4  5  6 |
---------------+-------------------+-----
Crossbows      | 5 |  5.8
Short Blades   | 1 2 3 |  3.1
Stealth        | 2 |  2.7
Armour         | 1 |  1.8
Dodging        | 3 |  3.6
Maces & Flails | 1 |  1.2
Fighting       | |  2.9

Action                   |  1- 3 |  4- 6 || total
-------------------------+-------+-------++-------
Melee: Short sword       |    80 |    41 ||   121
       Whip              |       |    89 ||    89
 Fire: Hand crossbow     |    28 |    16 ||    44
Throw: Tomahawk          |       |     3 ||     3
Invok: Fungal Bloom      |     3 |    15 ||    18
       Evolution         |       |     1 ||     1
  Use: Potion            |     1 |    12 ||    13
       Scroll            |       |     9 ||     9
 Stab: Sleeping          |     2 |     2 ||     4
  Eat: Chunk             |     9 |     2 ||    11
Armor: Leather armour    |     7 |    27 ||    34
Dodge: Dodged            |    85 |   122 ||   207
